 Dungeon Crawl Stone Soup version 0.29.1-15-g9cfb28693d (webtiles) character file.

Game seed: 7750831776391989409

99 Silvore the Covered (level 4, -2/40 HPs)
             Began as a Minotaur Fighter on May 2, 2023.
             Slain by Grinder (7 damage)
             ... on level 3 of the Dungeon.
             The game lasted 00:02:50 (2850 turns).

Silvore the Covered (Minotaur Fighter)              Turns: 2850, Time: 00:02:51

Health: -2/40      AC:  8    Str: 23    XL:     4   Next: 45%
Magic:  3/3        EV:  9    Int:  5    God:
Gold:   92         SH:  4    Dex:  9    Spells: 3/3 levels left

rFire   . . .      SeeInvis .   a - +0 long sword
rCold   . . .      Faith    +   c - +0 buckler
rNeg    + . .      Spirit   .   b - +0 scale mail
rPois   .          Reflect  .   (helmet restricted)
rElec   .          Harm     .   (no cloak)
rCorr   .          Rampage  .   k - +0 pair of gloves
Will    .....                   (no boots)
Stlth   ..........              f - amulet of faith
HPRegen 0.13/turn               e - ring of positive energy
MPRegen 0.08/turn               (no ring)

@: mighty
A: horns 2, retaliatory headbutt
a: no special abilities


You were on level 3 of the Dungeon.
You visited 1 branch of the dungeon, and saw 3 of its levels.

You collected 92 gold pieces.

Inventory:

Hand Weapons
 a - a +0 long sword (weapon)
Armour
 b - a +0 scale mail (worn)
 c - a +0 buckler (worn)
 k - a +0 pair of gloves (worn)
Jewellery
 e - a ring of positive energy (left hand)
 f - an amulet of faith (around neck)
Scrolls
 h - a scroll of identify
 i - 2 scrolls of teleportation
Potions
 g - 2 potions of curing {unknown}
 j - 2 potions of flight
 l - a potion of brilliance {unknown}


   Skills:
 + Level 4.3 Fighting
 + Level 3.5 Long Blades
 + Level 4.4 Armour
 + Level 0.8 Dodging
 + Level 0.2 Stealth
 + Level 4.3 Shields


You had 3 spell levels left.
You didn't know any spells.
Your spell library was empty.

Dungeon Overview and Level Annotations

Branches:
Dungeon (3/15)

Altars:

Annotations:
D:3 Grinder


Innate Abilities, Weirdness & Mutations

You have a pair of horns on your head.
You reflexively headbutt those who attack you in melee.


Message History

You kill the hobgoblin!
Grinder gestures at you. You resist with significant effort. Grinder hits you.
You writhe in agony.
You barely miss Grinder.
Grinder is moderately wounded.
Grinder hits you.
You writhe in agony.
You hit Grinder but do no damage.
Grinder is moderately wounded.
Grinder gestures at you.
You suddenly lose the ability to move!
Grinder blinks!
Grinder says, "My boss said I was rubbish.
His entrails said otherwise."
Grinder hits you.
You writhe in agony.
You can move again.
You barely miss Grinder. You headbutt Grinder!
Grinder is heavily wounded.
Grinder hits you.
You writhe in agony.
You hit Grinder.
Grinder is heavily wounded.
Grinder hits you.
You writhe in agony.
You closely miss Grinder.
Grinder is heavily wounded.
Grinder hits you.
You writhe in agony.
* * * LOW HITPOINT WARNING * * *
You hit Grinder.
Grinder is heavily wounded.
Grinder hits you but does no damage.
Unknown command.
You hit Grinder.
Grinder is severely wounded.
Grinder hits you!
* * * LOW HITPOINT WARNING * * *
You block Grinder's attack.
Unknown command.
You feel very mighty all of a sudden. Grinder hits you but does no damage.
You slash Grinder! Your headbutt misses Grinder.
Grinder is almost dead.
Grinder hits you!
You die...

#####.......#
...........##
...........#
...........# ###+#####
.........#.## #........
.........#..# #........
.........##.# #........
#'#########.####........
#.# #.....@....... #.#
######5#+##### #.#
#........ #.# ###......
#.# ...... #.# ..... #.#
##+## #.# #.#


You could see Grinder.

Vanquished Creatures
  A gnoll (D:1)
  An adder (D:2)
  2 worms
  5 dart slugs
  9 bats
  7 endoplasms
  4 giant cockroaches
  4 goblins
  8 hobgoblins
  2 quokkas
  4 ball pythons
  2 frilled lizards (D:1)
  9 kobolds
  2 rats
60 creatures vanquished.

Notes
Turn   | Place    | Note
-------+----------+-------------------------------------------
     0 | D:1      | Silvore the Minotaur Fighter began the quest for the Orb.
     0 | D:1      | Reached XP level 1. HP: 19/19 MP: 0/0
   336 | D:1      | Reached XP level 2. HP: 22/27 MP: 1/1
  1014 | D:1      | Reached XP level 3. HP: 30/33 MP: 2/2
  1975 | D:2      | Reached XP level 4. HP: 40/40 MP: 3/3
  2830 | D:3      | Noticed Grinder
  2841 | D:3      | Paralysed by Grinder for 3 turns
  2850 | D:3      | Slain by Grinder

Illustrated notes

Levels and vault maps discovered:
D:1:      dpeg_arrival_rhombus, layout_loops_corners, nicolae_hexahallways,
          serial_bayou_pond_c, serial_park_tiny_pond, hangedman_decor_opposing
D:2:      minmay_razor_zed, layout_basic
D:3:      layout_basic, nicolae_ecumenical_snake_handling,
          dreamdust_wishing_well, uniq_grinder

Skill      XL: |  1  2  3 |
---------------+----------+-----
Fighting       | 4 |  4.3
Shields        | 4 |  4.3
Armour         | 4 |  4.4
Long Blades    | 3 |  3.5
Dodging        | |  0.8
Stealth        | |  0.2

Action                   |  1- 3 |  4- 6 || total
-------------------------+-------+-------++-------
Melee: Long sword        |   105 |    56 ||   161
       Headbutt          |    11 |    10 ||    21
  Use: Scroll            |     2 |     2 ||     4
       Potion            |       |     1 ||     1
Armor: Scale mail        |    54 |    14 ||    68
Dodge: Dodged            |    39 |    24 ||    63
Block: Buckler           |    18 |     7 ||    25
